 Dungeon Crawl Stone Soup version 0.23.0-3-gf3c87f2 (webtiles) character file.

Game seed: 7791291433748436150

58 Hasart the Conjurer (level 4, -3/24 HPs)
             Began as a Tengu Wizard on Feb 20, 2019.
             Slain by an orc
             ... wielding a +1 spear of venom
              (4 damage)
             ... on level 3 of the Dungeon.
             The game lasted 00:08:06 (2831 turns).

Hasart the Conjurer (Tengu Wizard)                  Turns: 2831, Time: 00:08:07

Health: -3/24      AC:  2    Str:  7    XL:     4   Next: 2%
Magic:  5/10       EV: 13    Int: 19    God:
Gold:   102        SH:  0    Dex: 18    Spells: 2/10 levels left

rFire    . . .     SeeInvis .   e - +0 mace
rCold    . . .     Gourm    .   (no shield)
rNeg     . . .     Faith    .   a - +0 robe
rPois    .         Spirit   .   b - +0 hat
rElec    .         Reflect  .   (no cloak)
rCorr    .         Harm     .   (no gloves)
MR       .....                  (boots unavailable)
Stlth    ++........             (no amulet)
HPRegen  0.08/turn              k - +5 ring of dexterity
MPRegen  0.12/turn              (no ring)

@: no status effects
A: beak, talons 3
a: no special abilities


You were on level 3 of the Dungeon.
You were not hungry.

You visited 1 branch of the dungeon, and saw 3 of its levels.

You collected 102 gold pieces.

Inventory:

Hand Weapons
 e - a +0 mace (weapon)
Armour
 a - a +0 robe (worn)
 b - a +0 hat (worn)
Jewellery
 k - a +5 ring of dexterity (left hand)
Scrolls
 f - 2 scrolls of enchant armour {unknown}
 h - 3 scrolls of magic mapping {unknown}
 i - 3 scrolls of remove curse {unknown}
 j - a scroll of random uselessness {unknown}
 m - a scroll of teleportation {unknown}
 n - a scroll of identify {unknown}
 q - a scroll of noise {unknown}
 r - a scroll of blinking {unknown}
Potions
 c - a potion of brilliance {unknown}
 g - a potion of flight {unknown}
 l - 2 potions of mutation {unknown}
 p - a potion of haste {unknown}
Comestibles
 d - 3 rations


   Skills:
 - Level 2.1 Dodging
 - Level 2.0 Stealth
 + Level 3.5 Spellcasting
 * Level 4.2 Conjurations
 - Level 1.2 Summonings
 - Level 0.7 Translocations


You had 2 spell levels left.
You knew the following spells:

 Your Spells              Type           Power        Failure   Level  Hunger
a - Magic Dart            Conj           ###.         2%          1    None
b - Call Imp              Summ           #.......     13%         2    ##.....
c - Blink                 Tloc           N/A          16%         2    ##.....
d - Mephitic Cloud        Conj/Pois/Air  #.......     24%         3    ###....

Your spell library contained the following spells:

 Spells                   Type           Power        Failure   Level  Hunger
 Slow                     Hex            #.......     22%         2    ##.....
 Conjure Flame            Conj/Fire      ##......     19%         3    ###....


Dungeon Overview and Level Annotations

Branches:
Dungeon (3/15)

Altars:
Cheibriados
Qazlal
The Shining One


Innate Abilities, Weirdness & Mutations

You have a beak for a mouth.
You have claws for feet.


Message History

A beastly little devil appears in a puff of frigid air.
An orc comes into view. It is wielding a +0 dagger.
Casting: Call Imp (safe; 13% risk of failure)
Confirm with . or Enter, or press ? or * to list all spells.
A beastly little devil appears in a puff of flame.
Your white imp gestures at the orc.
The puff of frost hits the orc!
The orc dies!
You have reached level 4!
You feel agile.
The orc priest invokes the aid of Beogh against you.
Beogh smites you!
Ouch! That really hurt!
* * * LOW HITPOINT WARNING * * *
Your crimson imp hits the orc.
Your white imp gestures at the orc.
The puff of frost hits the orc!
The orc dies!
The orc hits you from afar with a +1 spear of venom.
You die...

#.... +.... #.....
########### #.....
#.........# #.....######
#.........#
#..........###.........###
#.....)55....(............
#.....oo)@..##............
............##...........(
............##............
............##............
#...........##............
#...........##............
............##............
..............#########...
...........#. .......


You could see an orc priest, an orc, a friendly crimson imp and a friendly white
imp.

Vanquished Creatures
  An adder (D:2)
  A dart slug (D:2)
  2 leopard geckos
  3 giant cockroaches (D:1)
  5 goblins
  5 hobgoblins
  4 jackals
  6 kobolds
  5 bats
  2 frilled lizards (D:2)
  4 rats
38 creatures vanquished.

Vanquished Creatures (collateral kills)
  2 orcs (D:3)
  A hobgoblin (D:1)
3 creatures vanquished.

Grand Total: 41 creatures vanquished

Notes
Turn   | Place    | Note
-------+----------+-------------------------------------------
     0 | D:1      | Hasart the Tengu Wizard began the quest for the Orb.
     0 | D:1      | Reached XP level 1. HP: 10/10 MP: 5/5
   409 | D:1      | Reached skill level 2 in Conjurations
   447 | D:1      | Reached XP level 2. HP: 12/15 MP: 2/7
   491 | D:1      | Learned a level 2 spell: Call Imp
  1240 | D:1      | Reached skill level 3 in Conjurations
  1359 | D:1      | Found a snail-covered altar of Cheibriados.
  1524 | D:1      | Reached XP level 3. HP: 14/19 MP: 8/8
  2010 | D:2      | Learned a level 2 spell: Blink
  2014 | D:2      | Learned a level 3 spell: Mephitic Cloud
  2024 | D:2      | Found a stormy altar of Qazlal.
  2517 | D:2      | Reached skill level 4 in Conjurations
  2520 | D:2      | Found a glowing golden altar of the Shining One.
  2829 | D:3      | Reached XP level 4. HP: 13/24 MP: 5/10
  2830 | D:3      | HP: 1/24 [orc priest/divine providence (12)]
  2831 | D:3      | Slain by an orc

Skill      XL: |  1  2  3 |
---------------+----------+-----
Conjurations   | 2 3 4 |  4.2
Dodging        | |  2.1
Stealth        | |  2.0
Spellcasting   | |  3.5
Summonings     | |  1.2
Translocations | |  0.7

Action                   |  1- 3 |  4- 6 || total
-------------------------+-------+-------++-------
Melee: Unarmed           |    11 |       ||    11
       Mace              |    29 |       ||    29
       Kick              |     6 |       ||     6
       Peck              |     4 |       ||     4
 Cast: Magic Dart        |    76 |       ||    76
       Call Imp          |     3 |       ||     3
 Stab: Sleeping          |     2 |       ||     2
  Eat: Chunk             |     6 |       ||     6
Armor: Robe              |     9 |       ||     9
Dodge: Dodged            |    51 |       ||    51
